 Dungeon Crawl Stone Soup version 0.21.1-1-g345015f (webtiles) character file.

62 jamsan the Grasshopper (level 3, -38/27 HPs)
             Began as a Spriggan Warper on June 9, 2018.
             Was an Initiate of Sif Muna.
             Killed from afar by an adder (39 damage)
             ... with an exploding inner flame
             ... hexed by the player character
             ... on level 1 of the Dungeon.
             The game lasted 00:23:48 (3257 turns).

jamsan the Grasshopper (Spriggan Warper)            Turns: 3257, Time: 00:23:49

Health: -38/27     AC:  2    Str: 12    XL:     3   Next: 85%
Magic:  3/8        EV: 19    Int: 14    God:    Sif Muna [......]
Gold:   59         SH:  0    Dex: 16    Spells: 0/8 levels left

rFire    . . .     SeeInvis +   a - +0 short sword
rCold    . . .     Gourm    .   (shield restricted)
rNeg     . . .     Faith    .   b - +0 robe
rPois    .         Spirit   .   (helmet restricted)
rElec    .         Reflect  .   (no cloak)
rCorr    .         Harm     .   (gloves unavailable)
MR       .....                  (boots unavailable)
Stlth    ..........             (no amulet)
HPRegen  0.09/turn              (no ring)
MPRegen  0.11/turn              (no ring)

@: berserking, very slightly contaminated, very quick
A: very small, unfitting armour, see invisible, herbivore, speed 3, slow
metabolism 2
a: Renounce Religion


You were on level 1 of the Dungeon.
You worshipped Sif Muna.
Sif Muna was noncommittal.
You were very hungry.

You visited 1 branch of the dungeon, and saw 3 of its levels.

You collected 59 gold pieces.

Inventory:

Hand Weapons
 a - a +0 short sword (weapon)
 e - a +2 dagger of flaming
 h - a +0 whip of electrocution
Armour
 b - a +0 robe (worn)
Scrolls
 d - 2 scrolls of blinking
 f - a scroll of remove curse {unknown}
 l - 2 scrolls of amnesia {unknown}
 o - a scroll of teleportation {unknown}
Potions
 g - a potion of berserk rage
 i - a potion of might {unknown}
 k - a potion of haste {unknown}
 m - a potion of curing {unknown}
Books
 c - a book of Spatial Translocations

   Spells                             Type                      Level
   a - Blink                          Translocation                2
   b - Shroud of Golubria             Charms/Translocation         2
   c - Lesser Beckoning               Translocation                3
   d - Gell's Gravitas                Translocation                3
   e - Teleport Other                 Translocation                3
   f - Passage of Golubria            Translocation                4
 n - a book of Misfortune

   Spells                             Type                      Level
   a - Confusing Touch                Hexes                        1
   b - Confuse                        Hexes                        3
   c - Gell's Gravitas                Translocation                3
   d - Petrify                        Transmutation/Earth          4
   e - Metabolic Englaciation         Hexes/Ice                    5
   f - Yara's Violent Unravelling     Hexes/Transmutation          5


   Skills:
 + Level 2.0 Fighting
 + Level 2.7 Short Blades
 - Level 1.0 Throwing
 + Level 4.0 Dodging
 + Level 2.0 Stealth
 + Level 3.1 Spellcasting
 + Level 0.2 Hexes
 + Level 1.5 Charms
 + Level 4.7 Translocations


You couldn't memorise any spells.
You knew the following spells:

 Your Spells              Type           Power        Failure   Level  Hunger
a - Blink                 Tloc           N/A          4%          2    ##.....
b - Shroud of Golubria    Chrm/Tloc      ##........   9%          2    ##.....
c - Teleport Other        Tloc           ###.....     9%          3    ###....
d - Confusing Touch       Hex            #.....       21%         1    #......


Dungeon Overview and Level Annotations

Branches:
Dungeon (3/15)

Altars:
Sif Muna


Innate Abilities, Weirdness & Mutations

You are very small and have problems with some larger weapons.
You are too small for most types of armour.
You have supernaturally acute eyesight. (SInv)
You are a herbivore.
You cover ground extremely quickly.
You need consume almost no food.


Message History

You are very lightly contaminated with residual magic.
You feel uncomfortable.
You are feeling very hungry.
The adder bites you.
* * * LOW HITPOINT WARNING * * *
As you read the scroll labeled ZAGOS GYVIGOLL, it crumbles to dust.
The creatures around you are filled with an inner flame!
It was a scroll of immolation.
The adder closely misses you. The adder completely misses you.
It was a potion of berserk rage.
A red film seems to cover your vision as you go berserk!
You feel yourself moving faster!
You feel mighty! The adder completely misses you.
You are too berserk!
You are too berserk!
You hit the adder.
The adder explodes!
The fiery explosion engulfs you!
Ouch! That really hurt!
You die...

#....###.# #.##.#### #.##.)....
#....###.###'##..).#####.########
.....#..........##.......# ###
###'##......(...++...)...# #..
.##.##..........##......## #..
.##.##..........##......# #..
.##.##..........#÷......# #..
.##.##.)........#.§.....# #..
.#.......#....#.@§§..#### #..
#############.###§§>.# #..
m#h#e#c#x#T##.# #....# #..
#############.# #....# ##.
....)......'..# #....# #.
############### #....# ##.
M#O#6#H#.#N# #....# #.)
############ #....# #.§ ######
#..


There were no monsters in sight!

Vanquished Creatures
  2 oozes (D:2)
  2 dart slugs (D:2)
  A leopard gecko (D:1)
  An orc (D:2)
  6 bats
  3 giant cockroaches (D:1)
  2 goblins (D:1)
  5 hobgoblins (D:1)
  6 jackals (D:2)
  5 frilled lizards
  8 kobolds
  4 rats
45 creatures vanquished.

Notes
Turn   | Place    | Note
-------+----------+-------------------------------------------
     0 | D:1      | jamsan the Spriggan Warper began the quest for the Orb.
     0 | D:1      | Reached XP level 1. HP: 10/10 MP: 5/5
     4 | D:1      | Noticed a halfling
     4 | D:1      | Noticed a dwarf
     6 | D:1      | Noticed a spriggan
     6 | D:1      | Noticed a formicid
     8 | D:1      | Noticed a vampire
    10 | D:1      | Noticed a demigod
    10 | D:1      | Noticed a ghoul
    12 | D:1      | Noticed a tengu
    12 | D:1      | Noticed a vine stalker
    14 | D:1      | Noticed a draconian
    20 | D:1      | Noticed a human
    20 | D:1      | Noticed a gargoyle
    22 | D:1      | Noticed a merfolk
    24 | D:1      | Noticed a felid
    24 | D:1      | Noticed an ogre
    26 | D:1      | Noticed an elf
    26 | D:1      | Noticed a demonspawn
    28 | D:1      | Noticed a centaur
    28 | D:1      | Noticed a minotaur
    30 | D:1      | Noticed an octopode
    32 | D:1      | Noticed a troll
    32 | D:1      | Noticed a naga
   119 | D:1      | Reached skill level 1 in Stealth
   388 | D:1      | Reached XP level 2. HP: 13/15 MP: 6/6
   392 | D:1      | Learned a level 2 spell: Blink
   395 | D:1      | Learned a level 2 spell: Shroud of Golubria
  2294 | D:1      | Reached XP level 3. HP: 18/18 MP: 2/8
  2357 | D:2      | Reached skill level 1 in Charms
  2395 | D:2      | Learned a level 3 spell: Teleport Other
  2397 | D:2      | Learned a level 1 spell: Confusing Touch
  2411 | D:2      | Found a deep blue altar of Sif Muna.
  2597 | D:2      | Became a worshipper of Sif Muna the Loreminder
  3257 | D:1      | Killed from afar by an adder

Skill      XL: |  1  2  3 |
---------------+----------+-----
Stealth        | 1 2 |  2.0
Spellcasting   | 3 |  3.1
Charms         | 1 |  1.5
Dodging        | 4 |  4.0
Fighting       | 2 |  2.0
Short Blades   | |  2.7
Throwing       | |  1.0
Hexes          | |  0.2
Translocations | |  4.7

Action                   || total
-------------------------++-------
Melee: Short sword       ||   254
Throw: Tomahawk          ||     5
 Cast: Shroud of Golubri ||    30
       Blink             ||     6
  Use: Scroll            ||     1
       Potion            ||     1
 Stab: Sleeping          ||     4
  Eat: Ration            ||     1
Armor: Robe              ||    22
Dodge: Dodged            ||   234
